Map: Acropolis LE

Players

AGOElazer (Elazer) - Winner!

  • Race: Zerg Zerg
  • League: Master
  • Spawn Location: 11:00

TSGSolar (Solar)

  • Race: Zerg Zerg
  • League: Diamond
  • Spawn Location: 5:00

Event: HomeStory Cup XX

VOD

Have the link to the VOD?

Description

Time

  • Played on: Nov. 21, 2019, 7:10 a.m.
  • Length: 6:07

All games in this series

Show
View Real Time Build Order
Export as new Build Order

AGOElazer Zerg - Winner!

Build Orders: Hatch First 

Get SALT Encoding   

  12  0:00  Drone  
  13  0:12  Overlord  
  13  0:17  Drone  
  14  0:30  Drone x2  
  16  0:47  Hatchery  
  15  0:50  Drone  
  15  0:55  Drone  
  17  0:58  Drone  
  18  1:09  Extractor  
  17  1:13  Spawning Pool  
  17  1:16  Drone  
  17  1:19  Drone  
  18  1:28  Drone  
  19  1:38  Drone  
  20  1:49  Drone  
  21  1:59  Queen x2  
  21  2:00  Drone, Overlord  
  26  2:08  Metabolic Boost  
  26  2:10  Drone  
  26  2:11  Zergling x2  
  28  2:21  Drone x2  
  30  2:31  Drone  
  30  2:34  Hatchery  
  30  2:38  Drone  
  30  2:43  Drone x2  
  33  2:47  Baneling Nest  
  32  2:53  Overlord  
  32  2:54  Drone  
  33  3:04  Drone x2  
  35  3:07  Zergling x2  
  35  3:12  Drone x3  
  39  3:13  Queen  
  39  3:17  Overlord  
  39  3:19  Zergling x2  
  42  3:22  Zergling x2  
  42  3:26  Extractor, Evolution Chamber  
  41  3:28  Drone  
  41  3:29  Drone  
  41  3:32  Drone  
  44  3:40  Drone x3  
  46  3:42  Drone  
  46  3:43  Drone x2  
  46  3:45  Overlord  
  49  3:52  Zerg Ground Armor Level 1  
  49  3:56  Roach Warren  
  49  3:57  Zergling x2  
  49  4:02  Zergling x2  
  50  4:03  Zergling x4  
  50  4:05  Overlord  
  50  4:07  Zergling x2  
  53  4:14  Overlord  
  53  4:15  Overlord  
  53  4:17  Overlord  
  53  4:20  Zergling x2  
  53  4:21  Zergling x2  
  55  4:36  Roach  
  55  4:37  Roach x6  
  69  4:42  Roach x2  
  69  4:44  Roach  
  74  4:48  Roach  
  74  4:49  Roach  
  74  4:51  Roach  
  78  4:55  Roach  
  78  5:00  Zergling x10  
  78  5:03  Zergling x2  
  78  5:04  Zergling x2  
  78  5:06  Baneling  
  85  5:08  Zergling x2  
  85  5:09  Baneling  
  85  5:11  Zergling x2  
  85  5:12  Zergling x2  
  88  5:16  Zergling x4  
  88  5:19  Baneling x3  
  88  5:20  Zergling x2  
  90  5:23  Baneling  
  90  5:24  Zergling x2  
  90  5:25  Baneling  
  90  5:33  Zergling x12  
  90  5:35  Baneling x2  
  95  5:39  Zergling x6  
  87  5:44  Zergling x6  
  87  5:49  Zergling x4  
  84  5:59  Ravager  
Show
View Real Time Build Order
Export as new Build Order

TSGSolar Zerg 

Build Orders: Hatch First 

Get SALT Encoding   

  12  0:01  Drone  
  13  0:12  Overlord  
  13  0:17  Drone  
  14  0:31  Drone x2  
  16  0:47  Hatchery  
  15  0:51  Drone  
  15  0:54  Drone  
  17  0:58  Drone  
  18  1:09  Extractor  
  17  1:12  Spawning Pool  
  17  1:15  Drone  
  17  1:18  Drone  
  18  1:28  Drone  
  19  1:39  Drone  
  20  1:51  Overlord  
  20  1:59  Queen x2  
  20  2:00  Zergling x2, Drone  
  26  2:08  Metabolic Boost  
  26  2:09  Drone  
  26  2:10  Drone  
  28  2:21  Drone x2  
  30  2:33  Hatchery  
  30  2:35  Drone  
  30  2:39  Drone  
  31  2:44  Queen  
  31  2:49  Overlord  
  33  2:52  Drone  
  33  2:57  Baneling Nest  
  33  2:59  Drone  
  33  3:02  Zergling x2  
  35  3:07  Drone x3  
  35  3:11  Zergling x2  
  39  3:12  Drone  
  39  3:15  Drone  
  39  3:16  Zergling x2  
  39  3:19  Drone  
  42  3:24  Evolution Chamber  
  42  3:25  Overlord  
  41  3:29  Drone  
  41  3:30  Drone  
  43  3:44  Lair, Drone  
  43  3:45  Zergling x4, Drone  
  43  3:46  Drone x2  
  49  3:53  Drone x3  
  53  3:55  Drone  
  53  3:56  Extractor  
  53  3:57  Extractor  
  53  3:59  Drone  
  53  4:00  Overlord  
  52  4:04  Zerg Melee Weapons Level 1  
  52  4:07  Drone  
  52  4:08  Baneling  
  53  4:12  Roach Warren  
  53  4:15  Extractor, Drone x2  
  52  4:18  Drone  
  52  4:19  Drone  
  54  4:24  Drone x3  
  54  4:27  Drone x2  
  59  4:33  Zergling x4  
  59  4:34  Overlord  
  61  4:38  Zergling x4  
  61  4:39  Drone  
  61  4:40  Baneling  
  61  4:41  Drone  
  61  4:44  Zergling x2  
  64  4:46  Baneling  
  64  4:47  Zergling x2  
  64  4:50  Zergling x2  
  64  4:51  Zergling x2  
  65  4:54  Overlord  
  65  4:57  Zergling x10  
  65  4:59  Zergling x2, Baneling  
  70  5:08  Roach  
  70  5:10  Overlord  
  70  5:11  Overlord  
  70  5:12  Overlord  
  70  5:13  Roach  
  74  5:16  Roach  
  74  5:17  Roach  
  74  5:18  Roach  
  74  5:20  Baneling x3  
  78  5:23  Roach  
  78  5:26  Roach  
  81  5:30  Roach  
  81  5:32  Spine Crawler  
  81  5:33  Baneling  
  81  5:37  Roach  
  81  5:38  Roach  
  78  5:43  Roach x2  
  78  5:45  Baneling x2  
Tags
 
Add a new tag
Caveats
  • Supply blocks, unpowered buildings, or Contaminate may cause inaccurate times.
  • Supply counts are checked every 10 seconds.